 Seeded DCSS version 0.28.0-49-g6dfe1f597d (webtiles) character file.

Game seed: 20220513 (custom seed)

26 jessy the Chopper (level 2, -5/27 HPs)
             Began as a Minotaur Berserker on May 13, 2022.
             Was a Follower of Trog.
             Killed from afar by Sigmund (9 damage)
             ... with a magic dart
             ... on level 2 of the Dungeon.
             The game lasted 00:03:47 (866 turns).

jessy the Chopper (Minotaur Berserker)               Turns: 866, Time: 00:03:48

Health: -5/27      AC:  5    Str: 21    XL:     2   Next: 89%
Magic:  0/1        EV: 11    Int:  4    God:    Trog [*.....]
Gold:   33         SH:  0    Dex:  9    Spells: 1/1 levels left

rFire   . . .      SeeInvis .   a - +0 hand axe
rCold   . . .      Faith    .   (no shield)
rNeg    . . .      Spirit   +   c - +0 ring mail
rPois   .          Reflect  .   (helmet restricted)
rElec   .          Harm     .   (no cloak)
rCorr   .          Rampage  .   (no gloves)
Will    .....                   (no boots)
Stlth   ..........              e - amulet of guardian spirit
HPRegen 0.09/turn               (no ring)
MPRegen 0.07/turn               (no ring)

@: confused
A: horns 2, retaliatory headbutt
a: Renounce Religion, Berserk


You were on level 2 of the Dungeon.
You worshipped Trog.
Trog was aware of your devotion.
You visited 1 branch of the dungeon, and saw 2 of its levels.

You collected 33 gold pieces.

Inventory:

Hand Weapons
 a - a +0 hand axe (weapon)
 f - a +2 dagger of venom
 g - a +0 club
 h - a +0 short sword of electrocution
 k - a +0 spear
Missiles
 m - 2 javelins (quivered)
Armour
 b - a +0 animal skin
 c - a +0 ring mail (worn)
Jewellery
 d - an amulet of faith
 e - an amulet of guardian spirit (around neck)
Scrolls
 i - a scroll of teleportation {unknown}
 j - 2 scrolls of enchant weapon {unknown}
 l - a scroll of magic mapping {unknown}


   Skills:
 + Level 4.0 Fighting
 + Level 4.3 Axes
 + Level 2.5 Armour
 + Level 2.6 Dodging


You had one spell level left.
You didn't know any spells.
Your spell library was empty.

Dungeon Overview and Level Annotations

Branches:
Dungeon (2/15)

Altars:

Annotations:
D:2 Sigmund


Innate Abilities, Weirdness & Mutations

You have a pair of horns on your head.
You reflexively headbutt those who attack you in melee.


Message History

You kill the bat!
Trog accepts your kill.
You see here a frilled lizard corpse.
You see here 2 javelins.
m - 2 javelins You now have 33 gold pieces (gained 12).
A kobold comes into view. It is wielding a +0 dagger.
Found a stone staircase leading down.
The kobold shouts!
You hear an angry hiss.
Sigmund the Dreaded comes into view.
He is wielding a +0 scythe.
The kobold throws a stone.
The stone barely misses you.
Sigmund shouts!
Sigmund mumbles some strange words.
Sigmund flickers and vanishes!
Deactivating autopickup; reactivate with Ctrl-A.
The kobold closely misses you.
You barely miss the kobold. The kobold closely misses you.
You furiously retaliate!
You headbutt the kobold!
You kill the kobold!
Trog accepts your kill.
You hear some strange, mumbled words.
Something tries to affect you, but you resist.
Things that are here:
a +0 dagger; 2 stones Something hits you.
You miss something. Something hits you.
You hit something but do no damage. Something hits you!
You barely miss something. Something hits you!
* * * LOW HITPOINT WARNING * * *
You closely miss something. Your headbutt misses something.
You closely miss something.
You hear some strange, mumbled words.
You are confused.
You miss something. Your headbutt misses something.
Something hits you but does no damage.
You closely miss something.
You hear some strange, mumbled words.
A magic dart appears from out of thin air!
The magic dart hits you!
You die...

# ####### ######
##. .....# . #.....
#... ...#.####..
#..... .
#..#.........
......
.##..#.........
......
#.........>....
......####.#..##@{#
#.....†...........#
#.####..##.#..##)##
#.##.#..##.#..##.#
...........#..##.#
#.##†#..#........#
#.<.....#.##..####
######........#
####.....#


There were no monsters in sight!

Vanquished Creatures
  A dart slug (D:1)
  4 ball pythons (D:1)
  An endoplasm (D:1)
  2 goblins (D:1)
  3 hobgoblins (D:1)
  A quokka (D:1)
  4 bats
  4 frilled lizards
  2 kobolds
  A rat (D:1)
23 creatures vanquished.

Vanquished Creatures (others)
  2 withered plants (D:1)
2 creatures vanquished.

Grand Total: 25 creatures vanquished

Notes
Turn   | Place    | Note
-------+----------+-------------------------------------------
     0 | D:1      | jessy the Minotaur Berserker began the quest for the Orb.
     0 | D:1      | Reached XP level 1. HP: 19/19 MP: 0/0
    99 | D:1      | Found a faded altar of an unknown god.
   218 | D:1      | Reached XP level 2. HP: 20/27 MP: 1/1
   849 | D:2      | Noticed Sigmund
   866 | D:2      | Killed from afar by Sigmund

Illustrated notes

Levels and vault maps discovered:
D:1:      amcnicky_arrival_choice, layout_loops_ring,
          ebering_ecumenical_altar_petrified
D:2:      layout_loops_cross, basic_altar, uniq_sigmund

Skill      XL: |  1  2 |
---------------+-------+-----
Axes           | 4 |  4.3
Fighting       | 4 |  4.0
Armour         | |  2.5
Dodging        | |  2.6

Action                   || total
-------------------------++-------
Melee: Hand axe          ||    42
       Headbutt          ||     8
Armor: Animal skin       ||     8
       Ring mail         ||    14
Dodge: Dodged            ||    44
